Flaenia the Unfeathered, neutral female gnomish Cavewoman --- ------ |.| |.... |.| |... ----- |.| ..- ---...--|.| |..| |......-|.-----@.| |.......|........| --.....<.........| -........----e@.| |.........| +.B.| -.........| |.d.| |..........- --...--+-- --.......... |........| |.......... |..#.....- --..........--. ..{..... -..........--. |@...#.....- .......|.... . -.... ..... ---....-------- ..--- - ......- ------ -- | .-- -- Flaenia the Unfeathered the Aborigine Experience level: 4 Strength: 18 Dexterity: 13 Constitution: 18 Intelligence: 9 Wisdom: 9 Charisma: 8 Health: 0(46) Energy: 13(13) Def: 3 Gold: 212 Moves: 1562 Dungeon seed: nQ9W7EY7krTvGQZH Game ID: Flaenia the Unfeathered_1530045894 Your Inventory: Coins $ - 212 gold pieces Weapons a - an uncursed +1 club (alternate weapon; not wielded) b - an uncursed +2 sling (weapon in hand) s - an uncursed +3 elven dagger Armor q - an uncursed +0 leather armor (being worn) r - an uncursed +0 orcish helm (being worn) y - an uncursed +0 studded leather armor Comestibles f - 2 uncursed food rations j - an uncursed tripe ration Spellbooks l - an uncursed spellbook of cure sickness Potions c - a blessed potion of polymorph g - 2 uncursed potions of water o - an uncursed potion of fruit juice Wands t - an uncursed wand of opening (0:6) Tools n - an uncursed tooled horn named The Horn of Yendor u - an uncursed tinning kit (0:58) x - an uncursed blindfold Gems e - 11 uncursed flint stones (in quiver) p - 28 uncursed rocks Spells and supernatural/magical abilities: Name Level Category Fail Memory K - cure sickness 3 healing 100% 97% W - pray for help -- divine ? -- Your skills at the end: Fighting Skills bare handed combat [Basic] Weapon Skills club [Basic] sling [Basic] Spellcasting Skills Final Attributes: You were piously aligned. You had infravision. You were lucky. You are dead. Vanquished creatures: a shrieker a kobold mummy a homunculus a giant bat 2 iguanas a hobbit a giant rat a gnome a garter snake a gnome zombie 3 geckos 4 jackals 4 goblins 2 sewer rats 4 grid bugs 8 lichens 3 newts 39 creatures vanquished. Voluntary challenges: You were an atheist. You used a wielded weapon 32 times, starting on turn 26. You read items or engraved 6 times, starting on turn 903. You never genocided any monsters. You never polymorphed an object. You never changed form. You used no wishes. You never split a pudding. You never wrote Elbereth's name. You never violated your personal moral code. Dungeon overview: The Dungeons of Doom: levels 1 to 3 Level 1 a sink a long staircase Level 2 a delicatessen Level 3 a sink stairs to The Gnomish Mines The Gnomish Mines: levels 4 to 7 Level 4 stairs to The Dungeons of Doom Level 5 Level 6 Level 7 <- You were here a fountain, some trees History has recorded: On T:1 you entered the Dungeons of Doom to retrieve the Amulet of Yendor! On T:376 you advanced to experience level 2. On T:588 you reached level 2 of The Dungeons of Doom. On T:832 you advanced to experience level 3. On T:881 you reached level 3 of The Dungeons of Doom. On T:1075 you reached level 1 of The Gnomish Mines. On T:1141 you reached level 2 of The Gnomish Mines. On T:1356 you reached level 3 of The Gnomish Mines. On T:1373 you advanced to experience level 4. On T:1512 you reached level 4 of The Gnomish Mines. Score breakdown: Gold: 212 ( 7920 points) Experience: 4 levels ( 9649 points) Exploration: 7 levels ( 14.89%) (10834 points) Discoveries: 1 item ( 0.33%) ( 1734 points) Valuables value: (no points given unless you survive) Artifact value: 0 ( 0 points) Variety of kills: 17 monsters ( 4.46%) ( 6336 points) Turncount: 1562 turns ( 0 points) Survival: died (score multiplied by 80%) Total score: 29178 Latest messages: The giant bat just misses! Yermak misses the giant bat. The giant bat just misses! The giant bat bites! The flint stone hits the giant bat. Yermak misses the giant bat. The giant bat bites! Yermak misses the giant bat. The giant bat bites! The flint stone misses the giant bat. Yermak bites the giant bat. The giant bat misses Yermak. The giant bat bites! The flint stone hits the giant bat. Yermak misses the giant bat. The giant bat bites! Yermak misses the giant bat. The giant bat bites! You die... Final status: Goodbye Flaenia the Unfeathered the Cavewoman, killed by a giant bat... You died in The Gnomish Mines on dungeon level 7 with 29178 points, and 212 pieces of gold, after 1562 moves. You were level 4 with a maximum of 46 hit points when you died.